 Dungeon Crawl Stone Soup version 0.24-a0-271-ga0fc33f (webtiles) character file.

Game seed: 8034045624575441352

38539 Gunnerkreig the Thaumaturge (level 14, -2/99 HPs)
             Began as an Octopode Wizard on Apr 23, 2019.
             Was an Elder of Vehumet.
             Slain by an eight-headed hydra (9 damage)
             ... on level 6 of the Lair of Beasts.
             The game lasted 01:24:14 (23316 turns).

Gunnerkreig the Thaumaturge (Octopode Wizard)      Turns: 23316, Time: 01:24:15

Health: -2/99      AC:  9    Str: 10    XL:     14   Next: 2%
Magic:  11/29      EV: 21    Int: 26    God:    Vehumet [****..]
Gold:   951        SH:  0    Dex: 16    Spells: 15/35 levels left

rFire    . . .     SeeInvis +   z - +1 whip of the Five Curses {slash, Fragile rPois rN+ Dex+4}
rCold    . . .     Gourm    .   (no shield)
rNeg     + + .     Faith    .   a - +2 hat
rPois    +         Spirit   .   M - amulet of rage
rElec    .         Reflect  .   d - +3 ring of strength
rCorr    .         Harm     .   v - +6 ring of protection
MR       ++++.                  w - ring of protection from cold
Stlth    +++++.....             H - ring "Xetwiulel" {rC- rN+ MR+++ Int+3 SInv}
HPRegen  0.26/turn              (no ring)
MPRegen  0.21/turn              (no ring)
                                (no ring)
                                (no ring)

@: berserk cooldown, slowed, very slow
A: almost no armour, stealthy swim, amphibious, 8 rings, constrict 8, camouflage
1, mutation resistance 1, wild magic 1, gelatinous body 1
a: Renounce Religion, Evoke Berserk Rage


You were on level 6 of the Lair of Beasts.
You worshipped Vehumet.
Vehumet was greatly pleased with you.
You were not hungry.

You visited 3 branches of the dungeon, and saw 16 of its levels.
You also visited: Ossuary.

You collected 951 gold pieces.

Inventory:

Hand Weapons
 l - a +1 eveningstar of draining
 u - a +3 falchion of slicing
 z - the +1 whip of the Five Curses (weapon) {slash, Fragile rPois rN+ Dex+4}
   (You found it on level 4 of the Dungeon)

   It inflicts extra damage upon your enemies.
   It affects your dexterity (+4).
   It protects you from poison.
   It protects you from negative energy.
   It will be destroyed if unequipped.
 F - a +2 falchion of electrocution
 O - the +8 hand crossbow of Instant Death {elec, rN++}
   (You found it on level 5 of the Lair of Beasts)

   It charges the ammunition it shoots with electricity; occasionally upon a
   hit, such missiles may discharge and cause terrible harm.
   It greatly protects you from negative energy.
Missiles
 j - 429 stones
 x - 23 arrows
 A - 120 sling bullets
 L - a throwing net (quivered)
Armour
 a - a +2 hat (worn)
Jewellery
 d - a +3 ring of strength (left tentacle)
 v - a +6 ring of protection (right tentacle)
 w - a ring of protection from cold (on tentacle)
 H - the ring "Xetwiulel" (on tentacle) {rC- rN+ MR+++ Int+3 SInv}
   (You found it on level 1 of the Lair of Beasts)

   [ring of see invisible]

   It affects your intelligence (+3).
   It makes you vulnerable to cold.
   It protects you from negative energy.
   It affects your resistance to hostile enchantments.
   It lets you see invisible.
 M - an amulet of rage (around mantle)
Wands
 f - a wand of clouds (5)
 r - a wand of digging (9)
 B - a wand of acid (8)
 D - a wand of iceblast (7)
 E - a wand of paralysis (14)
 I - a wand of flame (8)
Scrolls
 b - 2 scrolls of blinking
 e - a scroll of fear
 p - 5 scrolls of remove curse
 y - a scroll of holy word {unknown}
 G - 3 scrolls of enchant weapon
 J - 2 scrolls of amnesia
 N - a scroll of brand weapon {unknown}
 P - a scroll of fog
 Q - 2 scrolls of magic mapping
Potions
 g - 2 potions of ambrosia
 h - 12 potions of curing
 k - a potion of berserk rage
 m - 3 potions of mutation
 n - a potion of flight
 o - 4 potions of agility
 s - 2 potions of brilliance
 t - 4 potions of haste
 C - a potion of might
 K - a potion of lignification
Miscellaneous
 i - a sack of spiders
Comestibles
 c - 23 rations
 R - 2 chunks of flesh


   Skills:
 + Level 10.5 Fighting
 + Level 10.5 Dodging
 - Level 7.1 Stealth
 + Level 11.1 Spellcasting
 + Level 9.8 Conjurations
 - Level 4.1 Charms
 - Level 2.0 Summonings
 - Level 4.0 Necromancy
 - Level 2.0 Translocations
 - Level 3.0 Fire Magic
 - Level 3.1 Air Magic
 - Level 4.0 Earth Magic
 - Level 1.0 Poison Magic
 - Level 5.0 Evocations


You had 15 spell levels left.
You knew the following spells:

 Your Spells              Type           Power        Failure   Level  Hunger
a - Magic Dart            Conj           ####         1%          1    None
b - Conjure Flame         Conj/Fire      ######..     1%          3    None
c - Mephitic Cloud        Conj/Pois/Air  ######..     1%          3    None
e - Regeneration          Chrm/Necr      #####.....   4%          3    None
f - Shock                 Conj/Air       ####         1%          1    None
s - Shroud of Golubria    Chrm/Tloc      #####.....   3%          2    None
t - Stone Arrow           Conj/Erth      ######       1%          3    None
w - Call Imp              Summ           ####....     4%          2    None
y - Blink                 Tloc           N/A          4%          2    None

Your spell library contained the following spells:

 Spells                   Type           Power        Failure   Level  Hunger
 Iskenderun's Mystic Bla  Conj           ######..     1%          4    None
 Animate Skeleton         Necr           N/A          1%          1    None
 Infusion                 Chrm           ####         1%          1    None
 Song of Slaying          Chrm           #####...     2%          2    None
 Apportation              Tloc           ####..       3%          1    None
 Summon Small Mammal      Summ           ####         3%          1    None
 Confusing Touch          Hex            ###...       7%          1    None
 Spectral Weapon          Hex/Chrm       ####....     9%          3    None
 Slow                     Hex            ###.....     10%         2    None


Dungeon Overview and Level Annotations

Branches:
Dungeon (9/15)             Temple (1/1) D:6            Lair (6/6) D:9
  Swamp (0/4) Lair:2       Spider (0/4) Lair:4        Slime (0/5) Lair:6
    Orc: D:9-12

Altars:
Ashenzari
Cheibriados
Dithmenos
Elyvilon
Fedhas
Gozag
Hepliaklqana
Kikubaaqudgha
Makhleb
Nemelex Xobeh
Okawaru
Qazlal
Ru
Sif Muna
Trog
Uskayaw
Vehumet
Wu Jian
Xom
Yredelemnul
Zin
The Shining One
Jiyva

Shops:
D:8 :

Annotations:
D:3 -
D:6 ghost, necro+phant+gold, Dantiko's ghost, novice OgBe
D:9 Unseen Horror! ghost tons of gold, deep troll and scary monsters (post gob),, mikethemayor's ghost, novice MiBe


Innate Abilities, Weirdness & Mutations

You cannot wear most types of armour.
You are very stealthy in the water. (Stealth+)
You are amphibious.
You can wear up to eight rings at the same time.
You can use your tentacles to constrict eight enemies at once.
Your skin changes colour to match your surroundings (Stealth+).
Your rubbery body absorbs attacks. (AC +1, EV +1)
You are somewhat resistant to further mutation.
Your spells are a little harder to cast, but a little more powerful.


Message History

Space distorts slightly along a thin shroud covering your body.
The eight-headed hydra is engulfed in blazing flames.
The eight-headed hydra bites you!
Your shroud falls apart!
The eight-headed hydra bites you! x2
* * * LOW HITPOINT WARNING * * *
The eight-headed hydra barely misses you.
The eight-headed hydra bites you but does no damage.
The eight-headed hydra completely misses you.
The eight-headed hydra bites you.
* * * LOW HITPOINT WARNING * * *
The eight-headed hydra bites you!
* * * LOW HITPOINT WARNING * * *
The eight-headed hydra is engulfed in blazing flames.
The eight-headed hydra barely misses you.
The eight-headed hydra bites you.
* * * LOW HITPOINT WARNING * * *
The eight-headed hydra completely misses you.
The eight-headed hydra bites you!
You die...

....#...#....P###.....#...#.....#
#..##...#...###[###.......##..#.P
..########.......#...######*#D..#
#.....##P....#...#....P#*,,,,.#.,
......##.........#.....#*,,,,...#
......##.....#####....##*,,,,,,*#
......###.#......†..###*,,,,,,*##
##....# ##.#P...D§P.# **,,,,**#.
####### #####.P@#### *****###. #
##### #######... ####
########...#..... ### ##..#
#......^......... #.## #P.##
#....#........... ##.#####
#...###...##.#......... .......##
##....#................
...#.##.###......................
#....P#..#...............P.......


You could see an eight-headed hydra.

Vanquished Creatures
  Harold (Lair:2)
  A hydra (Lair:5)
  A catoblepas (Lair:6)
  7 death yaks
  An unseen horror (D:9)
  Pikel (D:6)
  2 lindwurms (Lair:6)
  3 oklob plants (Lair:5)
  Joseph (D:7)
  11 elephants
  6 black mambas
  A torpor snail (Lair:6)
  13 spiny frogs
  3 komodo dragons
  3 rime drakes (Lair:6)
  A jumping spider (Lair:4)
  A hornet (D:9)
  A troll (D:9)
  8 hippogriffs
  2 dream sheep (Lair:6)
  20 blink frogs
  24 yaks
  2 wyverns
  4 basilisks
  The ghost of Sacrath the Charlatan, an amateur GnAr of Elyvilon (D:3)
  Menkaure (D:7)
  3 water moccasins
  8 porcupines
  2 black bears (D:9)
  4 slaves (D:6)
  2 ice beasts
  A hornet zombie (D:8)
  3 orc warriors
  4 sky beasts
  A necrophage (D:3)
  4 ogres
  A phantom (D:8)
  16 wolves
  7 crocodiles
  6 centaurs
  8 bullfrogs
  A scorpion (D:4)
  5 killer bees (D:9)
  An electric eel (Lair:2)
  2 howler monkeys
  3 crimson imps
  4 hounds
  2 human zombies (Ossuary)
  4 jellies
  6 orc priests
  A bullfrog skeleton (D:8)
  8 orc wizards
  Jessica (D:2)
  2 centaur skeletons
  Terence (D:2)
  6 worker ants
  A big kobold zombie (Ossuary)
  A hound zombie (D:6)
  4 mummies
  2 hound skeletons
  A howler monkey zombie (D:9)
  2 worker ant zombies
  3 gnolls (D:9)
  7 adders
  3 shadow imps
  An ooze (D:2)
  An adder zombie (D:7)
  5 worms
  A dart slug (D:2)
  2 leopard geckos
  29 orcs
  4 giant cockroaches
  8 goblins
  10 hobgoblins
  9 jackals
  4 kobolds
  5 quokkas
  3 ball pythons
  A ball python skeleton (D:6)
  7 bats
  7 frilled lizards
  4 goblin zombies (Ossuary)
  12 hobgoblin zombies (Ossuary)
  A jackal zombie (Ossuary)
  7 kobold zombies (Ossuary)
  2 leopard gecko skeletons
  7 orc zombies (Ossuary)
  A quokka skeleton (D:6)
  4 rats
  3 rat zombies (Ossuary)
  3 plants
402 creatures vanquished.

Vanquished Creatures (others)
  12 fungi
  13 plants
25 creatures vanquished.

Grand Total: 427 creatures vanquished

Notes
Turn   | Place    | Note
-------+----------+-------------------------------------------
     0 | D:1      | Gunnerkreig the Octopode Wizard began the quest for the
                  | Orb.
     0 | D:1      | Reached XP level 1. HP: 11/11 MP: 4/4
   208 | D:1      | Reached XP level 2. HP: 18/18 MP: 3/6
   889 | D:2      | Reached XP level 3. HP: 22/22 MP: 7/7
   894 | D:2      | Learned a level 3 spell: Conjure Flame
   898 | D:2      | Learned a level 3 spell: Mephitic Cloud
   954 | D:2      | Reached skill level 1 in Fighting
  1136 | D:2      | Found a faded altar of an unknown god.
  1297 | D:2      | Noticed Terence
  1351 | D:2      | Killed Terence
  1351 | D:2      | Reached XP level 4. HP: 28/28 MP: 1/9
  1516 | D:2      | Found an iron altar of Okawaru.
  1671 | D:2      | Noticed Jessica
  1678 | D:2      | Killed Jessica
  2034 | D:2      | Learned a level 2 spell: Blink
  2075 | D:3      | Reached XP level 5. HP: 34/34 MP: 6/10
  2119 | D:3      | Learned a level 2 spell: Call Imp
  2472 | D:3      | Found a transporter.
  2472 | D:3      | Noticed a necrophage
  2474 | D:3      | Noticed Sacrath's ghost (amateur GnAr)
  2876 | D:3      | Found a transporter.
  3619 | D:4      | Reached XP level 6. HP: 23/39 MP: 3/11
  3720 | D:4      | Found a sand-covered staircase.
  3731 | Ossuary  | Entered an ossuary
  4051 | Ossuary  | Reached skill level 4 in Spellcasting
  4062 | Ossuary  | Reached skill level 5 in Stealth
  4386 | D:4      | Reached skill level 1 in Poison Magic
  4386 | D:4      | Reached XP level 7. HP: 25/45 MP: 13/13
  4668 | D:4      | Got a slimy whip
  4669 | D:4      | Identified the cursed +1 whip of the Five Curses {slash,
                  | Fragile rPois rN+ Dex+4} (You found it on level 4 of the
                  | Dungeon)
  4818 | D:4      | Found a deep blue altar of Sif Muna.
  5064 | D:5      | Entered Level 5 of the Dungeon
  5086 | D:5      | Reached skill level 1 in Fire Magic
  5086 | D:5      | Reached skill level 1 in Air Magic
  5476 | D:5      | Reached skill level 5 in Conjurations
  5605 | D:5      | Found a hazy altar of Hepliaklqana.
  5777 | D:5      | Found a snail-covered altar of Cheibriados.
  5817 | D:6      | Reached XP level 8. HP: 43/50 MP: 0/14
  6095 | D:6      | Found an opulent altar of Gozag.
  6101 | D:6      | Noticed Pikel
  6107 | D:6      | Killed Pikel
  6107 | D:6      | Reached skill level 1 in Evocations
  6844 | D:6      | Found a transporter.
  6871 | D:6      | Found a transporter.
  6872 | D:6      | Noticed Dantiko's ghost (novice OgBe)
  6904 | D:6      | Found a staircase to the Ecumenical Temple.
  6923 | Temple   | Entered the Ecumenical Temple
  7133 | Temple   | Became a worshipper of Vehumet
  7442 | D:6      | Reached XP level 9. HP: 57/57 MP: 5/16
  7579 | D:7      | Noticed Joseph
  7591 | D:7      | Killed Joseph
  7591 | D:7      | Reached skill level 5 in Spellcasting
  7843 | D:7      | Found a basalt altar of Yredelemnul.
  7844 | D:7      | Found a sacrificial altar of Ru.
  7844 | D:7      | Found a shattered altar of Ashenzari.
  8156 | D:7      | Found an ornate altar of the Wu Jian Council.
  8325 | D:7      | Noticed Menkaure
  8438 | D:7      | Killed Menkaure
  9118 | D:3      | Killed Sacrath's ghost
  9118 | D:3      | Reached skill level 5 in Dodging
  9313 | D:8      | Found Rewomats's Book Shop.
  9328 | D:8      | Reached * piety under Vehumet
  9328 | D:8      | Offered knowledge of Freeze by Vehumet.
  9333 | D:8      | Reached skill level 5 in Fighting
  9470 | D:7      | Reached XP level 10. HP: 63/66 MP: 18/18
  9520 | D:8      | Reached skill level 6 in Spellcasting
 10477 | D:9      | Found a runed translucent gate.
 10477 | D:9      | Found an opulent altar of Gozag.
 10478 | D:9      | Found a runed translucent gate.
 10478 | D:9      | Found a runed translucent gate.
 10479 | D:9      | Noticed mikethemayor's ghost (novice MiBe)
 10486 | D:9      | Reached ** piety under Vehumet
 10486 | D:9      | Offered knowledge of Shock by Vehumet.
 10489 | D:9      | Learned a level 1 spell: Shock
 10496 | D:9      | Reached skill level 7 in Spellcasting
 10815 | D:9      | Noticed a deep troll
 12054 | D:9      | Reached skill level 8 in Spellcasting
 12118 | D:9      | Offered knowledge of Stone Arrow by Vehumet.
 12128 | D:9      | Reached XP level 11. HP: 74/74 MP: 2/23
 12359 | D:9      | Killed an unseen horror
 12580 | D:9      | Found a staircase to the Lair.
 12619 | D:9      | Reached *** piety under Vehumet
 12652 | D:9      | Reached skill level 9 in Spellcasting
 13134 | Lair:1   | Entered Level 1 of the Lair of Beasts
 13139 | Lair:1   | Learned a level 3 spell: Stone Arrow
 13142 | Lair:1   | Learned a level 2 spell: Shroud of Golubria
 13160 | Lair:1   | Got an ichor-stained shortbow
 13182 | Lair:1   | Got a flickering bone ring
 13183 | Lair:1   | Identified the ring "Xetwiulel" {rC- rN+ MR+++ Int+3 SInv}
                  | (You found it on level 1 of the Lair of Beasts)
 13642 | Lair:1   | Reached skill level 1 in Charms
 13642 | Lair:1   | Reached skill level 1 in Earth Magic
 14538 | Lair:2   | You fall through a shaft!
 15192 | Lair:2   | Gained mutation: Your spells are a little harder to cast,
                  | but a little more powerful. [potion of mutation]
 15192 | Lair:2   | Gained mutation: You are somewhat resistant to further
                  | mutation. [potion of mutation]
 15524 | Lair:2   | Noticed Harold
 15528 | Lair:2   | Reached XP level 12. HP: 82/82 MP: 12/25
 15534 | Lair:2   | Killed Harold
 15691 | Lair:2   | Found a staircase to the Swamp.
 15735 | Lair:2   | Offered knowledge of Inner Flame by Vehumet.
 16255 | Lair:3   | Noticed a death yak
 16255 | Lair:3   | Noticed a death yak
 16268 | Lair:3   | Noticed a death yak
 16269 | Lair:3   | Noticed a death yak
 16272 | Lair:3   | Killed a death yak
 16279 | Lair:3   | Killed a death yak
 16279 | Lair:3   | Reached skill level 10 in Spellcasting
 16279 | Lair:3   | Killed a death yak
 17073 | Lair:3   | Identified the +7 shortbow of Ynoecepn {freeze, *Contam
                  | +Blink rPois SInv} (You found it on level 1 of the Lair of
                  | Beasts)
 17154 | Lair:3   | Killed a death yak
 17571 | Lair:3   | Learned a level 3 spell: Regeneration
 17969 | Lair:4   | Found a hole to the Spider Nest.
 18153 | Lair:4   | Reached skill level 1 in Necromancy
 18369 | Lair:4   | Reached XP level 13. HP: 90/90 MP: 15/27
 18548 | Lair:4   | Reached **** piety under Vehumet
 20585 | Lair:5   | Offered knowledge of Iskenderun's Mystic Blast by Vehumet.
 20770 | Lair:5   | Reached skill level 5 in Evocations
 21323 | Lair:5   | Got a bloodstained hand crossbow
 21329 | Lair:5   | Identified the +8 hand crossbow of Instant Death {elec,
                  | rN++} (You found it on level 5 of the Lair of Beasts)
 21353 | Lair:6   | Entered Level 6 of the Lair of Beasts
 21471 | Lair:6   | Reached skill level 10 in Dodging
 21638 | Lair:6   | Reached skill level 10 in Fighting
 21823 | Lair:6   | Found a staircase to the Slime Pits.
 21823 | Lair:6   | Found a viscous altar of Jiyva.
 23065 | Lair:6   | Reached skill level 11 in Spellcasting
 23299 | Lair:6   | Reached XP level 14. HP: 71/99 MP: 12/29
 23316 | Lair:6   | Slain by an eight-headed hydra

Levels and vault maps discovered:
D:1:      erik_arrival_triangle_small, layout_basic
D:2:      layout_basic, okawaru_trees_2, chequers_ecumenical_altar_island,
          uniq_jessica, uniq_terence
D:3:      layout_basic, gammafunk_ghost_arena, first_ration,
          grunt_decor_arrowhead, minmay_hedge_maze, st_stairs_7
D:4:      layout_basic, lemuel_coloured_pillars_altar,
          gup_ossuary_entry_pyramid, minmay_misc_feat_five,
          minmay_misc_feat_iff, hangedman_decor_points
D:5:      layout_rooms, kennysheep_mini, slow_altar_2, serial_rivers,
          chequers_serial_rivers_small_3, chequers_serial_rivers_large_b,
          chequers_serial_rivers_micro_e, chequers_serial_rivers_micro_d
D:6:      layout_gridville, grunt_gozag_statues,
          minmay_temple_entry_enclosed_plants, gammafunk_ghost_mausoleum,
          kennysheep_generic_room_13, uniq_pikel
D:7:      layout_loops_cross, grunt_temple_overflow_open, uniq_joseph,
          uniq_menkaure
D:8:      layout_loops_ring, serial_shops, shop
D:9:      layout_long_grid, minmay_lair_entry_grove, ebering_ghost_gozag
Temple:   nicolae_temple_figure_eight
Lair:1:   layout_regular_city, cheibrodos_lair_caveside_slide,
          guppyfry_lair_drakes
Lair:2:   layout_gridlike, swamp_mist, uniq_harold
Lair:3:   layout_chaotic_city
Lair:4:   layout_loops_ring, spider_nest_entry_rubble
Lair:5:   layout_concentric_octagons, minmay_lair_oklob_chamber
Lair:6:   hangedman_lair_in_review, layout_loops_ring, slime_altar_1,
          serial_bayou_shore_a
Ossuary:  ossuary_tomb_1

Skill      XL: |  1  2  3  4  5  6  7  8  9 10 11 12 13 |
---------------+----------------------------------------+-----
Stealth        | 3 4 5 6 7 |  7.1
Conjurations   | 2 3 4 5 6 7 8 9 |  9.8
Fighting       | 1 2 3 5 6 8 9 10 | 10.5
Spellcasting   | 4 5 8 9 10 11 | 11.1
Poison Magic   | 1 |  1.0
Fire Magic     | 3 |  3.0
Air Magic      | 3 |  3.1
Translocations | 2 |  2.0
Summonings     | 2 |  2.0
Dodging        | 3 5 6 8 9 10 | 10.5
Evocations     | 2 3 5 |  5.0
Charms         | 3 4 |  4.1
Earth Magic    | 3 4 |  4.0
Necromancy     | 1 4 |  4.0

Action                   |  1- 3 |  4- 6 |  7- 9 | 10-12 | 13-15 || total
-------------------------+-------+-------+-------+-------+-------++-------
Melee: Unarmed           |    23 |       |       |       |       ||    23
       Tentacles         |     7 |    17 |    18 |    19 |    15 ||    76
       Constrict         |    11 |    35 |    22 |    29 |     3 ||   100
       Whip              |     7 |       |    96 |    95 |    45 ||   243
       Short sword       |    10 |    37 |       |       |       ||    47
       Falchion          |       |    84 |       |       |       ||    84
Throw: Stone             |     3 |       |    31 |    14 |       ||    48
       Throwing net      |       |       |       |       |     1 ||     1
 Cast: Magic Dart        |    60 |   101 |   173 |   110 |     6 ||   450
       Conjure Flame     |     1 |     5 |    20 |    82 |    56 ||   164
       Mephitic Cloud    |     1 |       |    13 |    19 |     3 ||    36
       Call Imp          |       |       |     2 |     3 |       ||     5
       Shock             |       |       |       |   312 |   192 ||   504
       Blink             |       |       |       |     1 |       ||     1
       Stone Arrow       |       |       |       |    46 |    78 ||   124
       Shroud of Golubri |       |       |       |     5 |     7 ||    12
Evoke: Wand              |       |       |     3 |     3 |     5 ||    11
  Use: Scroll            |       |    10 |    10 |     5 |     2 ||    27
       Potion            |       |     1 |     2 |     9 |     2 ||    14
 Stab: Sleeping          |     2 |     7 |     1 |     1 |       ||    11
       Distracted        |       |     1 |       |     1 |       ||     2
       Confused          |       |       |     3 |     4 |     1 ||     8
       Invisible         |       |       |     1 |       |       ||     1
  Eat: Chunk             |     1 |     8 |    16 |    23 |     9 ||    57
       Ration            |       |       |     1 |     1 |     2 ||     4
Armor: Skin              |     4 |    11 |    22 |    93 |    26 ||   156
Dodge: Dodged            |    21 |    59 |    67 |   173 |   108 ||   428
       Rpst.: Falchion   |       |    11 |       |       |       ||    11

Table legend:
 A = Non-vault XP
 B = Vault XP
 C = Vault XP percentage of total XP
 D = Non-vault monster count
 E = Vault monster count
 F = Vault count percentage of total count
                 A         B        C        D         E       F
            +---------+---------+-------+---------+---------+-------
      Total |   38843 |   16213 |  29.4 |     305 |      90 |  22.8
            +---------+---------+-------+---------+---------+-------
        D:1 |      30 |       0 |   0.0 |      18 |       0 |   0.0
        D:2 |      52 |      73 |  58.4 |      20 |       2 |   9.1
        D:3 |     108 |     314 |  74.4 |      26 |       5 |  16.1
        D:4 |     227 |      21 |   8.5 |      10 |       1 |   9.1
        D:5 |     532 |      21 |   3.8 |      14 |       1 |   6.7
        D:6 |     679 |     593 |  46.6 |      19 |       1 |   5.0
        D:7 |    1052 |     677 |  39.2 |      21 |       2 |   8.7
        D:8 |    1504 |       0 |   0.0 |      34 |       0 |   0.0
        D:9 |    3836 |    1855 |  32.6 |      36 |      11 |  23.4
     Lair:1 |    2629 |     178 |   6.3 |      10 |       2 |  16.7
     Lair:2 |    6527 |    1028 |  13.6 |      22 |       1 |   4.3
     Lair:3 |    7660 |       0 |   0.0 |      20 |       0 |   0.0
     Lair:4 |    6293 |     306 |   4.6 |      29 |       1 |   3.3
     Lair:5 |    4671 |    2188 |  31.9 |      13 |       5 |  27.8
     Lair:6 |    3043 |    8775 |  74.3 |      13 |      19 |  59.4
    Ossuary |       0 |     184 | 100.0 |       0 |      39 | 100.0
            +---------+---------+-------+---------+---------+-------
